 Dungeon Crawl Stone Soup version 0.31-a0-237-g2d982f9f85 (webtiles) character file.

Game seed: 14161288609114205211

63 qw the Shooter (level 4, 0/26 HPs)
             Began as a Gargoyle Hexslinger on July 10, 2023.
             Slain by an orc
             ... wielding a +0 heavy falchion
              (2 damage)
             ... on level 3 of the Dungeon.
             The game lasted 00:00:47 (1984 turns).

qw the Shooter (Gargoyle Hexslinger)                Turns: 1984, Time: 00:00:48

Health: 0/26       AC:  8    Str: 18    XL:     4   Next: 10%
Magic:  5/5        EV: 11    Int: 13    God:
Gold:   98         SH:  0    Dex: 14    Spells: 4/5 levels left

rFire   . . .        Y - +1 sling
rCold   . . .        (no shield)
rNeg    + . .        d - +0 ring mail
rPois   inf          (no helmet)
rElec   +            (no cloak)
rCorr   .            (no gloves)
SInv    .            (no boots)
Will    .....        (no amulet)
Stlth   +            e - +6 ring of strength
HPRegen 0.24/turn    (no ring)
MPRegen 0.09/turn

%: no passive effects
@: about to teleport
A: sickness immunity, AC +3, negative energy resistance 1, electricity
resistance, torment resistance 1, petrification resistance
a: no special abilities


You were on level 3 of the Dungeon.
You visited 1 branch of the dungeon, and saw 3 of its levels.

You collected 98 gold pieces.


Innate Abilities, Weirdness & Mutations

You are immune to sickness and miasma.
Your stone body is resilient. (AC +3)
You are immune to poison.
You resist negative energy. (rN+)
You are resistant to electric shocks. (rElec)
You are resistant to unholy torment.
You are immune to petrification.


   Skills:
 - Level 2.0 Fighting
 + Level 3.9 Ranged Weapons
 - Level 1.5 Dodging
 - Level 1.0 Spellcasting
 - Level 2.6 Hexes


You had 4 spell levels left.
You knew the following spells:

 Your Spells              Type           Power      Damage    Failure   Level
a - Slow                  Hex            28%        N/A       17%         1

Your spell library contained the following spells:

 Spells                   Type           Power      Damage    Failure   Level
 Inner Flame              Hex/Fire       4%         N/A       65%         3
 Portal Projectile        Hex/Tloc       8%         N/A       65%         3
 Cause Fear               Hex            3%         N/A       86%         4

Inventory:

Hand Weapons
 Y - a +1 sling (weapon)
Armour
 d - a +0 ring mail (worn)
Jewellery
 e - a +6 ring of strength (left hand)
Scrolls
 c - a scroll of identify
 f - a scroll of teleportation
Potions
 a - 2 potions of lignification {unknown}
 b - a potion of ambrosia {unknown}
 g - a potion of curing
 h - a potion of magic {unknown}
 i - a potion of heal wounds {unknown}
 j - a potion of brilliance {unknown}

Dungeon Overview and Level Annotations

Branches:
Dungeon (3/15)

Altars:

Shops:
D:1 [


Message History

You are confused.
You hear some strange, mumbled words.
Something tries to affect you, but you resist.
You shoot a sling bullet. Something hits you but does no damage.
You shoot a sling bullet. Something hits you.
You shoot a sling bullet.
The sling bullet hits you but does no damage.
Something hits you but does no damage.
You shoot a sling bullet.
Something hits you but does no damage. x2
You shoot a sling bullet. Something hits you but does no damage.
You shoot a sling bullet.
You feel less confused. Something hits you.
You shoot a sling bullet. Something hits you. x2
You shoot a sling bullet. Something hits you.
You shoot a sling bullet. Something hits you but does no damage.
You shoot a sling bullet. Something hits you.
You shoot a sling bullet. Something hits you but does no damage.
An orc comes into view. It is wielding a +0 heavy falchion.
You hear some strange, mumbled words.
A puff of flame appears from out of thin air!
The puff of flame hits you.
1982 ||| FLEEEEING.
1983 ||| READING 2 scrolls of teleportation.
As you read the scroll of teleportation, it crumbles to dust.
You feel strangely unstable. Something hits you but does no damage.
You shoot a sling bullet. The sling bullet hits the orc.
The orc is heavily wounded.
The orc hits you with a +0 heavy falchion.
You die...

#.).. #.### #
###########.### #####
........)...... ......
#..).o.# #..### ####@###
#.# #####.## #####
#....#.# ..%.#
.#.###.### #########
###.# #)........#
#.......# ###.###
###.##....####.#.##.....
......# #
#..#......#.##....#
####..#
#.##....######.##.##..


You could see an orc.

Vanquished Creatures
  An adder (D:3)
  2 dart slugs (D:2)
  3 orcs (D:3)
  4 endoplasms
  6 goblins
  5 hobgoblins
  3 jackals (D:3)
  2 quokkas
  7 ball pythons
  6 bats
  2 frilled lizards (D:3)
  2 kobolds
  2 rats
45 creatures vanquished.

Notes
Turn   | Place    | Note
-------+----------+-------------------------------------------
     0 | D:1      | qw the Gargoyle Hexslinger began the quest for the Orb.
     0 | D:1      | Reached XP level 1. HP: 12/12 MP: 2/2
     0 | D:1      | 0 ||| qw: Version: 0.3-a-52-g30416fa
     0 | D:1      | 0 ||| qw: Game counter: 5310
     0 | D:1      | 0 ||| qw: Melee chars always use a shield: true
     0 | D:1      | 0 ||| qw: God list: Okawaru
     0 | D:1      | 0 ||| qw: Allow faded altars: false
     0 | D:1      | 0 ||| qw: Do Orc after clearing Dungeon:15 true
     0 | D:1      | 0 ||| qw: Do second Lair branch before Depths: true
     0 | D:1      | 0 ||| qw: Lair rune preference: random
     0 | D:1      | 0 ||| qw: Goals: Normal
     0 | D:1      | 0 ||| PLANNING D:1-11
    22 | D:1      | Found Ygaomips's Antique Armour Shop.
    25 | D:1      | 25 ||| SHOPLISTING glowing leather armour (145 gold, have
                  | 12).
    25 | D:1      | 25 ||| SHOPLISTING glowing ring mail (203 gold, have 12).
    25 | D:1      | 25 ||| SHOPLISTING glowing robe (107 gold, have 12).
    25 | D:1      | 25 ||| SHOPLISTING pair of boots (130 gold, have 12).
    25 | D:1      | 25 ||| SHOPLISTING pair of glowing boots (217 gold, have
                  | 12).
   184 | D:1      | Reached XP level 2. HP: 16/16 MP: 3/3
   574 | D:1      | 574 ||| UPGRADING to +0 ring mail.
   584 | D:1      | 584 ||| DROPPING +0 robe.
   585 | D:1      | 585 ||| DROPPING ring of flight.
   586 | D:1      | 586 ||| READING scroll labelled JEOTHE TOUHER.
   600 | D:1      | 600 ||| READING 2 scrolls labelled POKOWNOARE.
   605 | D:1      | 605 ||| READING scroll labelled SEWUNGYETT.
   606 | D:1      | 606 ||| READING scroll labelled PILEEMMELYIXO.
   607 | D:1      | 607 ||| READING scroll labelled YRELUH DOROBB.
   608 | D:1      | 608 ||| DROPPING scroll of poison.
   680 | D:2      | Found a faded altar of an unknown god.
   693 | D:2      | Reached skill level 3 in Ranged Weapons
   872 | D:2      | Reached XP level 3. HP: 21/21 MP: 4/4
  1416 | D:2      | 1416 ||| UPGRADING to +6 ring of strength.
  1417 | D:2      | 1417 ||| READING scroll labelled ECYNGY LIUCIL.
  1418 | D:2      | 1418 ||| READING scroll labelled AMONATHACAM.
  1419 | D:2      | 1419 ||| READING scroll labelled RUUFUE RYEMEDWADD.
  1420 | D:2      | 1420 ||| DRINKING 3 inky potions.
  1864 | D:3      | Reached XP level 4. HP: 26/26 MP: 5/5
  1966 | D:3      | 1966 ||| DRINKING 2 potions of curing.
  1966 | D:3      | 1966 ||| (to cure confusion)
  1978 | D:3      | HP: 6/26 [something (4)]
  1981 | D:3      | HP: 1/26 [something/puff of flame (5)]
  1982 | D:3      | 1982 ||| FLEEEEING.
  1983 | D:3      | 1983 ||| READING 2 scrolls of teleportation.
  1984 | D:3      | Slain by an orc

Levels and vault maps discovered:
D:1:      scummos_arrival_hexagon, layout_loops_ring, serial_shops,
          nicolae_shop_statue_plus
D:2:      layout_basic, ebering_ecumenical_altar_ruins
D:3:      layout_loops_cross, roderic_lattice_a

Skill      XL: |  1  2 |
---------------+-------+-----
Ranged Weapons | 3 |  3.9
Fighting       | 2 |  2.0
Dodging        | |  1.5
Spellcasting   | |  1.0
Hexes          | |  2.6

Action                     |  1- 3 |  4- 6 || total
---------------------------+-------+-------++-------
   Fire: Sling             |   149 |    29 ||   178
    Use: Scroll            |     8 |     1 ||     9
         Potion            |     1 |     1 ||     2
 Armour: Robe              |     3 |       ||     3
         Ring mail         |    46 |    15 ||    61
  Dodge: Dodged            |    57 |     7 ||    64

Table legend:
 A = Non-vault XP
 B = Vault XP
 C = Vault XP percentage of total XP
 D = Non-vault monster count
 E = Vault monster count
 F = Vault count percentage of total count
                 A         B        C        D         E       F
            +---------+---------+-------+---------+---------+-------
      Total |      91 |       0 |   0.0 |      45 |       0 |   0.0
            +---------+---------+-------+---------+---------+-------
        D:1 |      13 |       0 |   0.0 |       8 |       0 |   0.0
        D:2 |      34 |       0 |   0.0 |      19 |       0 |   0.0
        D:3 |      44 |       0 |   0.0 |      18 |       0 |   0.0
            +---------+---------+-------+---------+---------+-------
